SNL (28 & UNDER)
MEMPHIS BLUES @ BLACKIRON DRAGONS
08/23/2030
 
TOP OF THE 1ST
Memphis Blues batting - Pitching for BlackIron Dragons : RHP António Molina
Pitching: RHP António Molina
Batting: RHB Albert Morán 0-0: Ball
1-0: Foul Ball, location: 2F
1-1: Ball
2-1: Called Strike
2-2: SINGLE (Flyball, 89M)
Batting: RHB Brandon Townsley 0-0: Foul Ball, location: 2F
0-1: Foul Ball, location: 2F
0-2: Ball
1-2: Fly out, F9 (Flyball, 9LSF)
Batting: RHB Ryan Nelson 0-0: Called Strike
0-1: Ball
1-1: Ball
Wild Pitch!
Albert Morán to second
2-1: Ball
3-1: Base on Balls
Batting: RHB Julian Lee 0-0: Called Strike
0-1: Foul Ball, location: 2F
0-2: Strikes out swinging
Batting: SHB Hang-ki Yue 0-0: Ball
1-0: Foul Ball, location: 2F
1-1: Ball
2-1: Foul Ball, location: 2F
2-2: Ground out U3 (Groundball, 3)
Top of the 1st over - 0 runs, 1 hit, 0 errors, 2 left on base; Memphis 0 - BlackIron 0
BOTTOM OF THE 1ST
BlackIron Dragons batting - Pitching for Memphis Blues : RHP Chris Jennings
Pitching: RHP Chris Jennings
Batting: RHB Joaquín Valenzuela 0-0: Ground out 1-3 (Groundball, 13)
Batting: RHB Mel Wells 0-0: Ball
1-0: Ball
2-0: Ball
3-0: Called Strike
3-1: SINGLE (Line Drive, 4M)
Batting: LHB José Martínez 0-0: Ball
1-0: Foul Ball, location: 2F
1-1: Ball
2-1: Swinging Strike
2-2: Strikes out looking
Batting: RHB Doug O'Brien 0-0: Called Strike
0-1: Ball
1-1: Ball
2-1: Fielders Choice at 2nd, 6-4 (Groundball, 6)
Bottom of the 1st over - 0 runs, 1 hit, 0 errors, 1 left on base; Memphis 0 - BlackIron 0
TOP OF THE 2ND
Memphis Blues batting - Pitching for BlackIron Dragons : RHP António Molina
Batting: SHB Fernando Gutiérrez 0-0: Called Strike
0-1: Foul Ball, location: 2F
0-2: SOLO HOME RUN (Flyball, 7D), Distance : 411 ft
Batting: LHB Freddy Torres 0-0: Swinging Strike
0-1: SOLO HOME RUN (Line Drive, 9D), Distance : 396 ft
Batting: RHB Miguel Mendoza 0-0: Ball
1-0: Ball
2-0: Ball
3-0: Base on Balls
Batting: LHB Armando Domínguez 0-0: Ball
1-0: Swinging Strike
1-1: Ball
2-1: Grounds out, U3 (Groundball, 3L)
Batting: RHB Albert Morán 0-0: Ball
1-0: Fly out, F7 (Flyball, 7LS)
Batting: RHB Brandon Townsley 0-0: Swinging Strike
0-1: Foul Ball, location: 2F
0-2: Ball
1-2: Ball
2-2: Ball
3-2: Base on Balls
Batting: RHB Ryan Nelson 0-0: Ball
1-0: Ball
2-0: Called Strike
2-1: Ball
3-1: Base on Balls
Miguel Mendoza to third
Brandon Townsley to second
Batting: RHB Julian Lee 0-0: Called Strike
0-1: Ball
1-1: Ball
2-1: SINGLE (Line Drive, 8LS)
Miguel Mendoza scores
Brandon Townsley to third
Ryan Nelson to second
Runner from 3rd tries for Home, SAFE, no throw
Batting: SHB Hang-ki Yue 0-0: Foul Ball, location: 2F
0-1: Called Strike
0-2: DOUBLE (Line Drive, 9LM)
Ryan Nelson scores
Julian Lee to third
Runner from 3rd tries for Home, SAFE, throw made at trailing runner, OUT at third!
Top of the 2nd over - 6 runs, 4 hits, 0 errors, 0 left on base; Memphis 6 - BlackIron 0
BOTTOM OF THE 2ND
BlackIron Dragons batting - Pitching for Memphis Blues : RHP Chris Jennings
Batting: RHB Alexander Barr 0-0: Ball
1-0: Ball
2-0: Foul Ball, location: 2F
2-1: Called Strike
2-2: Fly out, F8 (Flyball, 78M)
Batting: RHB Randall Walker 0-0: SINGLE (Flyball, 7S)
Batting: RHB Jake Erickson 0-0: Called Strike
0-1: Called Strike
0-2: Foul Ball, location: 2F
0-2: Ball
1-2: Ball
2-2: Ball
3-2: Foul Ball, location: 2F
3-2: Base on Balls
Randall Walker to second
Batting: LHB Joe Baker 0-0: Ball
1-0: Ball
2-0: Ball
3-0: Swinging Strike
3-1: Foul Ball, location: 2F
3-2: Foul Ball, location: 2F
3-2: Fielders Choice at 2nd, 6-4 (Groundball, 6)
Randall Walker to third
Batting: RHB Luis Méndez 0-0: Ball
1-0: Called Strike
1-1: Swinging Strike
1-2: Ball
2-2: Strikes out swinging wild pitch, reaches first!
Randall Walker scores
Joe Baker to second
Batting: RHB Joaquín Valenzuela 0-0: Ball
1-0: Swinging Strike
1-1: Ball
2-1: Swinging Strike
2-2: Foul Ball, location: 2F
2-2: Foul Ball, location: 2F
2-2: Ground out 3-1 (Groundball, 34)
Bottom of the 2nd over - 1 run, 1 hit, 0 errors, 2 left on base; Memphis 6 - BlackIron 1
TOP OF THE 3RD
Memphis Blues batting - Pitching for BlackIron Dragons : RHP António Molina
Batting: SHB Fernando Gutiérrez 0-0: Foul Ball, location: 2F
0-1: Ball
1-1: Foul Ball, location: 2F
1-2: Foul Ball, location: 2F
1-2: Ball
2-2: Ball
3-2: Foul Ball, location: 2F
3-2: Strikes out swinging
Batting: LHB Freddy Torres 0-0: SINGLE (Groundball, 6MD)
Batting: RHB Miguel Mendoza 0-0: Called Strike
0-1: Foul Ball, location: 2F
0-2: SINGLE (Line Drive, 6M)
Freddy Torres to second
Batting: LHB Armando Domínguez 0-0: Fly out, F9 (Flyball, 9D)
Batting: RHB Albert Morán 0-0: Called Strike
0-1: Ball
1-1: Called Strike
1-2: Strikes out looking
Top of the 3rd over - 0 runs, 2 hits, 0 errors, 2 left on base; Memphis 6 - BlackIron 1
BOTTOM OF THE 3RD
BlackIron Dragons batting - Pitching for Memphis Blues : RHP Chris Jennings
Batting: RHB Mel Wells 0-0: Ball
1-0: Swinging Strike
1-1: Called Strike
1-2: Foul Ball, location: 2F
1-2: Ball
2-2: Strikes out looking
Batting: LHB José Martínez 0-0: Fly out, F9 (Flyball, 89M)
Batting: RHB Doug O'Brien 0-0: Fly out, F7 (Flyball, 7)
Bottom of the 3rd over - 0 runs, 0 hits, 0 errors, 0 left on base; Memphis 6 - BlackIron 1
TOP OF THE 4TH
Memphis Blues batting - Pitching for BlackIron Dragons : RHP António Molina
Batting: RHB Brandon Townsley 0-0: Foul Ball, location: 2F
0-1: Swinging Strike
0-2: Strikes out swinging
Batting: RHB Ryan Nelson 0-0: Ball
1-0: Ball
2-0: Ball
3-0: Called Strike
3-1: Base on Balls
Batting: RHB Julian Lee 0-0: Ball
1-0: Ball
Wild Pitch!
Ryan Nelson to second
2-0: Reached on error, E6 (Groundball, 6)
Ryan Nelson scores
Batting: SHB Hang-ki Yue 0-0: Foul Ball, location: 2F
0-1: Ball
1-1: Ball
2-1: Called Strike
2-2: DOUBLE (Line Drive, 9D)
Julian Lee scores
Batting: SHB Fernando Gutiérrez 0-0: Ball
1-0: Fly out, F7 (Flyball, 78S)
Batting: LHB Freddy Torres 0-0: Ball
1-0: Fly out, F8 (Flyball, 8LM)
Top of the 4th over - 2 runs, 1 hit, 1 error, 1 left on base; Memphis 8 - BlackIron 1
BOTTOM OF THE 4TH
BlackIron Dragons batting - Pitching for Memphis Blues : RHP Chris Jennings
Batting: RHB Alexander Barr 0-0: Called Strike
0-1: Ball
1-1: Ball
2-1: SINGLE (Flyball, 89S)
Batting: RHB Randall Walker 0-0: Ball
1-0: Fly out, F8 (Flyball, 8LM)
Batting: RHB Jake Erickson 0-0: Called Strike
0-1: Ball
1-1: Ball
2-1: Swinging Strike
2-2: Strikes out swinging
Batting: LHB Joe Baker 0-0: Ball
1-0: Called Strike
1-1: Ground out 4-3 (Groundball, 4)
Bottom of the 4th over - 0 runs, 1 hit, 0 errors, 1 left on base; Memphis 8 - BlackIron 1
TOP OF THE 5TH
Memphis Blues batting - Pitching for BlackIron Dragons : RHP António Molina
Batting: RHB Miguel Mendoza 0-0: SINGLE (Line Drive, 5)
Batting: LHB Armando Domínguez 0-0: Called Strike
0-1: Swinging Strike
0-2: Ground out 6-3 (Groundball, 6MS)
Miguel Mendoza to second
Batting: RHB Albert Morán 0-0: SINGLE (Line Drive, 8LS)
Miguel Mendoza to third
Runner from 3rd tries for Home, SAFE, throw made home
Batting: RHB Brandon Townsley 0-0: Called Strike
Albert Morán steals 2nd base
0-1: Swinging Strike
0-2: Ball
1-2: Ball
2-2: Foul Ball, location: 2F
2-2: Foul Ball, location: 2F
2-2: Strikes out looking
Batting: RHB Ryan Nelson 0-0: Ball
1-0: Swinging Strike
1-1: Swinging Strike
1-2: Strikes out swinging
Top of the 5th over - 1 run, 2 hits, 0 errors, 1 left on base; Memphis 9 - BlackIron 1
BOTTOM OF THE 5TH
BlackIron Dragons batting - Pitching for Memphis Blues : RHP Chris Jennings
Batting: RHB Luis Méndez 0-0: Ground out 4-3 (Groundball, 4)
Batting: RHB Joaquín Valenzuela 0-0: Ground out 5-3 (Groundball, 56)
Batting: RHB Mel Wells 0-0: Called Strike
0-1: Called Strike
0-2: Ball
1-2: DOUBLE (Line Drive, 78D)
Batting: LHB José Martínez 0-0: Swinging Strike
0-1: Ball
1-1: Ground out U3 (Groundball, 3)
Bottom of the 5th over - 0 runs, 1 hit, 0 errors, 1 left on base; Memphis 9 - BlackIron 1
TOP OF THE 6TH
Memphis Blues batting - Pitching for BlackIron Dragons : RHP António Molina
Batting: RHB Julian Lee 0-0: Ball
1-0: Ball
2-0: Foul Ball, location: 2F
2-1: Foul Ball, location: 2F
2-2: Ground out 6-3 (Groundball, 6)
Batting: SHB Hang-ki Yue 0-0: Ball
1-0: Ground out 4-3 (Groundball, 4)
Batting: SHB Fernando Gutiérrez 0-0: Ball
1-0: Ball
2-0: Ball
3-0: Base on Balls
Pitching: RHP José Moreno
Batting: LHB Freddy Torres 0-0: Called Strike
0-1: Ball
1-1: Ball
2-1: Ball
3-1: Base on Balls
Fernando Gutiérrez to second
Batting: RHB Miguel Mendoza 0-0: Ball
1-0: Called Strike
1-1: Called Strike
1-2: Foul Ball, location: 2F
1-2: DOUBLE (Line Drive, 7LM)
Fernando Gutiérrez scores
Freddy Torres to third
Runner from 3rd tries for Home, SAFE, no throw
Batting: LHB Armando Domínguez 0-0: Called Strike
0-1: Ground out 5-3 (Groundball, 56)
Top of the 6th over - 2 runs, 1 hit, 0 errors, 1 left on base; Memphis 11 - BlackIron 1
BOTTOM OF THE 6TH
BlackIron Dragons batting - Pitching for Memphis Blues : RHP Chris Jennings
Batting: RHB Doug O'Brien 0-0: Called Strike
0-1: Hit by Pitch
Batting: RHB Alexander Barr 0-0: Called Strike
0-1: Swinging Strike
0-2: 2-RUN HOME RUN (Flyball, 78XD), Distance : 411 ft
Batting: RHB Randall Walker 0-0: Ball
1-0: Foul Ball, location: 2F
1-1: SINGLE (Flyball, 9LS)
Batting: RHB Jake Erickson 0-0: Foul Ball, location: 2F
0-1: Ball
1-1: Foul Ball, location: 2F
1-2: Fly out, F9 (Flyball, 9)
Batting: LHB Joe Baker 0-0: Called Strike
0-1: Foul Ball, location: 2F
0-2: Ball
1-2: Foul Ball, location: 2F
1-2: SINGLE (Groundball, 34D)
Randall Walker to second
Runner from 2nd tries for 3rd, SAFE, no throw
Batting: RHB Luis Méndez 0-0: Called Strike
0-1: Foul Ball, location: 2F
0-2: Ground out U3 (Groundball, 34S)
Randall Walker scores
Joe Baker to second
Pitching: LHP Jaden Watkins
Batting: RHB Joaquín Valenzuela 0-0: Called Strike
0-1: Swinging Strike
0-2: Foul Ball, location: 2F
0-2: Ball
1-2: Ball
2-2: Foul Ball, location: 2F
2-2: Strikes out swinging
Bottom of the 6th over - 3 runs, 3 hits, 0 errors, 1 left on base; Memphis 11 - BlackIron 4
TOP OF THE 7TH
Memphis Blues batting - Pitching for BlackIron Dragons : RHP José Moreno
Batting: RHB Albert Morán 0-0: Ball
1-0: Ball
2-0: Ground out 5-3 (Groundball, 56)
Batting: RHB Brandon Townsley 0-0: Ball
1-0: Foul Ball, location: 2F
1-1: Foul Ball, location: 2F
1-2: Foul Ball, location: 2F
1-2: Foul Ball, location: 2F
1-2: Foul Ball, location: 2F
1-2: Ball
2-2: Foul Ball, location: 2F
2-2: Fly out, F9 (Flyball, 9LM)
Batting: RHB Ryan Nelson 0-0: Fly out, F7 (Flyball, 78S)
Top of the 7th over - 0 runs, 0 hits, 0 errors, 0 left on base; Memphis 11 - BlackIron 4
BOTTOM OF THE 7TH
BlackIron Dragons batting - Pitching for Memphis Blues : LHP Jaden Watkins
Batting: RHB Mel Wells 0-0: Foul Ball, location: 2F
0-1: Fly out, F7 (Line Drive, 7S)
Batting: LHB José Martínez 0-0: Ball
1-0: Called Strike
1-1: Foul Ball, location: 2F
1-2: Ball
2-2: Strikes out swinging
Batting: RHB Doug O'Brien 0-0: Ball
1-0: Foul Ball, location: 2F
1-1: Ball
2-1: Called Strike
2-2: Foul Ball, location: 2F
2-2: Foul Ball, location: 2F
2-2: Foul Ball, location: 2F
2-2: Foul Ball, location: 2F
2-2: Foul Ball, location: 2F
2-2: Strikes out looking
Bottom of the 7th over - 0 runs, 0 hits, 0 errors, 0 left on base; Memphis 11 - BlackIron 4
TOP OF THE 8TH
Memphis Blues batting - Pitching for BlackIron Dragons : RHP José Moreno
Batting: RHB Julian Lee 0-0: Foul Ball, location: 2F
0-1: Ground out 5-3 (Groundball, 56)
Batting: SHB Hang-ki Yue 0-0: Ball
1-0: Fly out, F5 (Line Drive, 56)
Batting: SHB Fernando Gutiérrez 0-0: Ball
1-0: Ball
2-0: Ball
3-0: Base on Balls
Batting: LHB Freddy Torres Pickoff Throw to First - Out!
Top of the 8th over - 0 runs, 0 hits, 0 errors, 0 left on base; Memphis 11 - BlackIron 4
BOTTOM OF THE 8TH
BlackIron Dragons batting - Pitching for Memphis Blues : LHP Jaden Watkins
Now at 1B: Wilson Flores
Batting: RHB Alexander Barr 0-0: Ground out 5-3 (Groundball, 56)
Batting: RHB Randall Walker 0-0: Swinging Strike
0-1: Called Strike
0-2: Foul Ball, location: 2F
0-2: Strikes out swinging
Batting: RHB Jake Erickson 0-0: Foul Ball, location: 2F
0-1: Ball
1-1: Ball
2-1: Ball
3-1: Base on Balls
Batting: LHB Joe Baker 0-0: Ball
1-0: Foul Ball, location: 2F
1-1: Foul Ball, location: 2F
1-2: SINGLE (Groundball, 56D)
Jake Erickson to second
Batting: RHB Luis Méndez 0-0: Called Strike
0-1: Ball
1-1: Ball
2-1: Foul Ball, location: 2F
2-2: SINGLE (Line Drive, 89M)
Jake Erickson to third
Joe Baker to second
Batting: RHB Joaquín Valenzuela 0-0: Ball
1-0: Ball
2-0: Called Strike
2-1: Ball
3-1: SINGLE (Line Drive, 4D)
Jake Erickson scores
Joe Baker to third
Luis Méndez to second
Batting: RHB Mel Wells 0-0: Ball
1-0: Foul Ball, location: 2F
1-1: Ball
2-1: SINGLE (Groundball, 56D)
Joe Baker scores
Luis Méndez to third
Joaquín Valenzuela to second
Runner from 3rd tries for Home, throw and OUT!
Bottom of the 8th over - 2 runs, 4 hits, 0 errors, 2 left on base; Memphis 11 - BlackIron 6
TOP OF THE 9TH
Memphis Blues batting - Pitching for BlackIron Dragons : RHP José Moreno
Batting: LHB Freddy Torres 0-0: Foul Ball, location: 2F
0-1: Fly out, F8 (Flyball, 8LD)
Batting: RHB Miguel Mendoza 0-0: Called Strike
0-1: SINGLE (Flyball, 7S)
Batting: LHB Armando Domínguez 0-0: Fielders Choice at 2nd, 1-6 (Groundball, 13)
Batting: RHB Albert Morán 0-0: Ball
Throwing error on steal attempt, E2
Armando Domínguez to third
1-0: Ball
2-0: Ball
3-0: Base on Balls
Batting: RHB Brandon Townsley 0-0: Foul Ball, location: 2F
0-1: Ball
1-1: Ball
2-1: Ball
3-1: Foul Ball, location: 2F
3-2: Base on Balls
Albert Morán to second
Batting: RHB Wilson Flores 0-0: Called Strike
0-1: Fielders Choice at 2nd, 5-4 (Groundball, 56)
Top of the 9th over - 0 runs, 1 hit, 1 error, 3 left on base; Memphis 11 - BlackIron 6
BOTTOM OF THE 9TH
BlackIron Dragons batting - Pitching for Memphis Blues : LHP Jaden Watkins
Now at C: Guy Morrison
Now at 2B: José Velásquez
Batting: LHB José Martínez 0-0: Ball
1-0: SINGLE (Line Drive, 34D)
Batting: RHB Doug O'Brien 0-0: Swinging Strike
0-1: Grounds into double play, 5-4-3 (Groundball, 56)
Batting: RHB Alexander Barr 0-0: Foul Ball, location: 2F
0-1: Ground out 4-3 (Groundball, 4)
Bottom of the 9th over - 0 runs, 1 hit, 0 errors, 0 left on base; Memphis 11 - BlackIron 6
Saturday, April 7th, 2018 - OOTP Baseball 18.8 Build 76